 Dungeon Crawl Stone Soup version 0.31-a0-986-g5e6e4ef867 (webtiles) character file.

Game seed: 1603343582126282496

25 Maxmaps the Sneak (level 3, -3/26 HPs)
             Began as an Octopode Delver on Nov 7, 2023.
             Slain by a phantom (8 damage)
             ... on level 5 of the Dungeon.
             The game lasted 00:00:16 (71 turns).

Maxmaps the Sneak (Octopode Delver)                   Turns: 71, Time: 00:00:16

Health: -3/26      AC:  1    Str: 11    XL:     3   Next: 6%
Magic:  3/3        EV: 13    Int: 14    God:
Gold:   0          SH:  0    Dex: 13    Spells: 2/2 levels left

rFire   . .          .
                       - Unarmed
rCold   . . .        (no shield)
rNeg    . . .        (helmet restricted)
rPois   .            (no amulet)
rElec   .            (no ring)
rCorr   .            (no ring)
SInv    .            (no ring)
Will    .....        (no ring)
Stlth   +++++        (no ring)
HPRegen 0.24/turn    (no ring)
MPRegen 0.08/turn    (no ring)
                     (no ring)

%: no passive effects
@: no status effects
A: almost no armour, amphibious, 8 rings, camouflage 1, gelatinous body 1,
(nimble swimmer 1), tentacles
a: no special abilities


You were on level 5 of the Dungeon.
You visited 1 branch of the dungeon, and saw 1 of its levels.

Inventory:

Wands
 e - a wand of digging (3)
Scrolls
 a - a scroll of fog
 b - a scroll of revelation
 c - a scroll of fear
Potions
 d - a potion of haste


   Skills:
 - Level 3.0 Fighting
 - Level 2.0 Dodging
 + Level 7.8 Stealth
 - Level 2.0 Unarmed Combat


You had 2 spell levels left.
You didn't know any spells.
Your spell library was empty.

Dungeon Overview and Level Annotations

Branches:
Dungeon (5/15)
 Temple: D:4-7

Altars:


Innate Abilities, Weirdness & Mutations

You cannot wear most types of armour.
You are amphibious.
You can wear up to eight rings at the same time.
Your skin changes colour to match your surroundings (Stealth+).
Your rubbery body absorbs attacks. (AC +1, EV +1)
((You are camouflaged when in or above water. (Stealth+)))
You have tentacles for arms and can constrict up to eight enemies at once.


Message History

You have reached level 3!
Your experience leads to an increase in your attributes!
Increase (S)trength, (I)ntelligence, or (D)exterity?
You feel clever. x2
The adder hisses angrily.
The adder misses you.
You closely miss the adder. Your grab misses the adder. The adder misses you.
You barely miss the adder. Your grab misses the adder.
You tentacle-slap the adder, but do no damage.
Your squeeze misses the adder.
A phantom comes into view.
The adder bites you.
You tentacle-slap the adder. Your grab misses the adder.
Your squeeze misses the adder.
The adder is lightly wounded.
The adder misses you.
You tentacle-slap the adder. Your grab misses the adder.
Your squeeze misses the adder.
The adder is heavily wounded.
The adder bites you. x2
You miss the adder. Your grab misses the adder.
The adder is heavily wounded.
The phantom barely misses you. The adder closely misses you.
You tentacle-slap the adder but do no damage.
Your grab misses the adder. Your squeeze misses the adder.
The adder is heavily wounded.
The adder bites you. The phantom hits you.
The phantom blinks!
You blink.
You are too injured to fight recklessly!
You tentacle-slap the phantom.
The phantom is lightly damaged.
The phantom hits you.
* * * LOW HITPOINT WARNING * * *
Okay, then.
You tentacle-slap the phantom.
The phantom is lightly damaged.
The phantom barely misses you.
You tentacle-slap the phantom.
The phantom is moderately damaged.
The phantom hits you!
You die...

################ ###
.....#..#...#..###..
#...<..........#..
#.?..ยง.........#..
#SW##.....##...#..
#@.##.....##...#..
#...#.....##..##..
#...#.....##..##..
#..##......#......
#..##......#......
#..........+......
#..##.....##..##..
#..##.....##..##..
#......#......


You could see a phantom and an adder.

Vanquished Creatures
  A sleepcap (D:5)
1 creature vanquished.

Notes
Turn   | Place    | Note
-------+----------+-------------------------------------------
     0 | D:5      | Maxmaps the Octopode Delver began the quest for the Orb.
     0 | D:5      | Reached XP level 1. HP: 16/16 MP: 1/1
    47 | D:5      | Noticed a sleepcap
    59 | D:5      | Killed a sleepcap
    60 | D:5      | Reached skill level 7 in Stealth
    60 | D:5      | Reached XP level 2. HP: 21/21 MP: 2/2
    60 | D:5      | Reached XP level 3. HP: 26/26 MP: 3/3
    64 | D:5      | Noticed a phantom
    71 | D:5      | Slain by a phantom

Illustrated notes

Levels and vault maps discovered:
D:5:      layout_gridville, kennysheep_slug_shrine, kennysheep_mini,
          temple_statues

Skill      XL: |  1 |
---------------+----+-----
Stealth        | 7 |  7.8
Fighting       | |  3.0
Dodging        | |  2.0
Unarmed Combat | |  2.0

Action                     || total
---------------------------++-------
  Melee: Unarmed           ||    16
         Tentacles         ||     3
         Punch             ||     2
         Constrict         ||     1
   Stab: Sleeping          ||     1
 Armour: Skin              ||     7
  Dodge: Dodged            ||    11

Table legend: (Time is in decaauts)
 A = Elapsed time spent in this place.
 B = Non-inter-level travel time spent in this place.
 C = Inter-level travel time spent in this place.
 D = Time resting spent in this place.
 E = Time spent auto-exploring this place.
 F = Levels seen in this place.
 G = Mean time per level.
                   A        B        C        D        E       F      G
               +--------+--------+--------+--------+--------+-----+--------+
         Total |     70 |     70 |      0 |      0 |     45 |   1 |   70.0 |
       Dungeon |     70 |     70 |      0 |      0 |     45 |   1 |   70.0 |
               +--------+--------+--------+--------+--------+-----+--------+

Top non-repeatable levels by time:
     D:5: 70 daAuts
